 Dungeon Crawl Stone Soup version 0.30-a0-949-g53dc5368d7 (webtiles) character file.

Game seed: 13638582583986550455

47 Iich the Trooper (level 3, 0/29 HPs)
             Began as a Demonspawn Fighter on Mar 27, 2023.
             Slain by a gnoll
             ... wielding a +0 halberd
              (3 damage)
             ... on level 2 of the Dungeon.
             The game lasted 00:01:58 (964 turns).

Iich the Trooper (Demonspawn Fighter)                Turns: 964, Time: 00:01:59

Health: 0/29       AC:  8    Str: 16    XL:     3   Next: 48%
Magic:  3/3        EV:  8    Int:  9    God:
Gold:   64         SH:  4    Dex: 14    Spells: 2/2 levels left

rFire   . . .      SeeInvis .    a - +0 war axe
rCold   . . .      Faith    .    c - +0 buckler
rNeg    . . .      Spirit   .    b - +0 scale mail
rPois   .          Reflect  .    e - +1 helmet
rElec   .          Rampage  .    (no cloak)
rCorr   .                        (no gloves)
Will    .....                    (no boots) Stlth
                                 (no amulet)
HPRegen 0.24/turn                (no ring)
MPRegen 0.08/turn                (no ring)

@: mighty
A: powered by pain 1
a: no special abilities


You were on level 2 of the Dungeon.
You visited 1 branch of the dungeon, and saw 2 of its levels.

You collected 64 gold pieces.

Inventory:

Hand Weapons
 a - a +0 war axe (weapon)
Armour
 b - a +0 scale mail (worn)
 c - a +0 buckler (worn)
 e - a +1 helmet (worn)
Scrolls
 g - a scroll of poison
Potions
 d - a potion of might
 f - a potion of cancellation
 j - a potion of brilliance {unknown}
 k - a potion of haste {unknown}
 l - a potion of heal wounds
 q - a potion of curing


   Skills:
 + Level 3.5 Fighting
 * Level 3.1 Axes
 - Level 2.6 Armour
 - Level 2.6 Shields


You had 2 spell levels left.
You didn't know any spells.
Your spell library contained the following spells:

 Spells                   Type           Power      Damage    Failure   Level
 Ignite Poison            Fire/Tmut/Pois 0%         N/A       99%         3
 Sticky Flame             Conj/Fire      0%         2d3       100%        4
 Ignition                 Fire           0%         3d3       100%        8


Dungeon Overview and Level Annotations

Branches:
Dungeon (2/15)

Altars:


Innate Abilities, Weirdness & Mutations

You sometimes gain a little power by taking damage.


Message History

There are monsters nearby!
Found a club.
The gnoll shouts!
You feel very mighty all of a sudden.
A gnoll comes into view. It is wielding a +0 halberd.
An adder comes into view.
The gnoll shouts!
The adder hisses angrily.
The gnoll hits you with a +0 halberd.
You take 1 damage, and have 28/29 hp.
You barely miss the gnoll. You slash the gnoll!
The gnoll hits you with a +0 halberd. You block the gnoll's attack.
You take 2 damage, and have 26/29 hp.
You barely miss the gnoll. x2; The gnoll barely misses you.
The gnoll hits you with a +0 whip. x2; The gnoll hits you with a +0 halberd.
You take 10 damage, and have 16/29 hp. !!!!--MASSIVE DAMAGE--!!!!
You slash the gnoll!
The gnoll is severely wounded.
You hit the gnoll. The gnoll hits you with a +0 halberd.
The gnoll hits you but does no damage.
You take 2 damage, and have 14/29 hp.
You slash the gnoll!
You kill the gnoll!
You closely miss the gnoll. The gnoll barely misses you. x2
The adder barely misses you. The gnoll hits you with a +0 whip.
* * * LOW HITPOINT WARNING * * *
The gnoll hits you from afar with a +0 halberd.
* * * LOW HITPOINT WARNING * * *
Your Axes skill increases to level 3!
You take 7 damage, and have 7/29 hp. !!!!--MASSIVE DAMAGE--!!!!
The gnoll attacks as you move away! The gnoll hits you with a +0 whip.
* * * LOW HITPOINT WARNING * * *
You take 2 damage, and have 5/29 hp.
You miss the adder. The adder closely misses you.
The gnoll hits you from afar with a +0 halberd.
* * * LOW HITPOINT WARNING * * *
The adder closely misses you.
You take 3 damage, and have 2/29 hp.
You closely miss the adder. The adder bites you but does no damage.
The gnoll hits you from afar with a +0 halberd.
You die...

........#####.........##..
........# ...........
........#.###........##
....>...#.............#
.##.....####..........#
###...#...............#
......#######.........##
........................
...#.....####...@!......
...#... ##.#S####...
...#.. ...#gg...... ####
.....#.......# .#
.)..........#.## ..
..........### # ..
..#.......# .. ..#.......#
.. ......


You could see 2 gnolls and an adder.

Vanquished Creatures
  A gnoll (D:2)
  A dart slug (D:1)
  6 ball pythons
  2 endoplasms
  2 giant cockroaches (D:1)
  5 goblins
  4 hobgoblins (D:1)
  3 kobolds
  5 bats
  A frilled lizard (D:1)
  3 rats (D:1)
33 creatures vanquished.

Notes
Turn   | Place    | Note
-------+----------+-------------------------------------------
     0 | D:1      | Iich the Demonspawn Fighter began the quest for the Orb.
     0 | D:1      | Reached XP level 1. HP: 18/18 MP: 1/1
   195 | D:1      | Gained mutation: You sometimes gain a little power by
                  | taking damage. [demonic ancestry]
   195 | D:1      | Reached XP level 2. HP: 23/24 MP: 2/2
   498 | D:1      | Reached XP level 3. HP: 27/29 MP: 3/3
   964 | D:2      | Slain by a gnoll

Illustrated notes

Levels and vault maps discovered:
D:1:      saegor_arrival_under_anarchy, layout_basic
D:2:      layout_basic, nicolae_figureground_sparkle

Skill      XL: |  1  2  3 |
---------------+----------+-----
Axes           | 2 3 |  3.1
Fighting       | |  3.5
Armour         | |  2.6
Shields        | |  2.6

Action                     || total
---------------------------++-------
  Melee: War axe           ||    88
    Use: Potion            ||     3
         Scroll            ||     2
 Armour: Scale mail        ||    44
  Dodge: Dodged            ||    53
  Block: Buckler           ||    17

Table legend: (Time is in decaauts)
 A = Elapsed time spent in this place.
 B = Non-inter-level travel time spent in this place.
 C = Inter-level travel time spent in this place.
 D = Time resting spent in this place.
 E = Time spent auto-exploring this place.
 F = Levels seen in this place.
 G = Mean time per level.
                   A        B        C        D        E       F      G
               +--------+--------+--------+--------+--------+-----+--------+
         Total |   1001 |    977 |     24 |      0 |    743 |   2 |  500.5 |
       Dungeon |   1001 |    977 |     24 |      0 |    743 |   2 |  500.5 |
               +--------+--------+--------+--------+--------+-----+--------+

Top non-repeatable levels by time:
     D:1: 628 daAuts
     D:2: 372 daAuts
